 Dungeon Crawl Stone Soup version 0.30-a0-1074-g5db6f66fbb (webtiles) character file.

Game seed: 7033624769914139363

1159 123456 the Digger (level 8, -4/41 HPs)
             Began as a Gargoyle Earth Elementalist on Apr 13, 2023.
             Slain by a wraith (10 damage)
             ... on level 5 of the Dungeon.
             The game lasted 00:06:15 (5580 turns).

123456 the Digger (Gargoyle Earth Elementalist)     Turns: 5580, Time: 00:06:15

Health: -4/41      AC:  9    Str: 12    XL:     8   Next: 39%
Magic:  15/15      EV: 18    Int: 18    God:
Gold:   523        SH:  0    Dex: 13    Spells: 13/17 levels left

rFire   . . .      SeeInvis .    j - +0 dagger
rCold   . . .      Faith    .    (no shield)
rNeg    + . .      Spirit   .    a - +0 robe
rPois   ∞          Reflect  .    u - +0 helmet
rElec   +          Rampage  .    (no cloak)
rCorr   .                        l - +0 pair of gloves {Dex+3}
Will    .....                    (no boots)
Stlth   +++                      (no amulet)
HPRegen 0.26/turn                v - +5 ring of evasion
MPRegen 0.14/turn                (no ring)

@: slowed, studying Maces & Flails, very slow
A: sickness immunity, AC +5, negative energy resistance 1, electricity
resistance, torment resistance 1, petrification resistance
a: no special abilities


You were on level 5 of the Dungeon.
You visited 1 branch of the dungeon, and saw 6 of its levels.
You also visited: Ossuary.

You collected 523 gold pieces.

Inventory:

Hand Weapons
 j - a +0 dagger (weapon)
Armour
 a - a +0 robe (worn)
 l - a +0 pair of gloves of dexterity (worn)
 u - a +0 helmet (worn)
Jewellery
 v - a +5 ring of evasion (left hand)
 w - a ring of positive energy
Wands
 r - a wand of flame (10)
Scrolls
 c - 7 scrolls of identify {unknown}
 d - 2 scrolls of butterflies {unknown}
 e - 2 scrolls of fog {unknown}
 g - 5 scrolls of teleportation {unknown}
 h - a scroll of silence {unknown}
 i - 4 scrolls of blinking {unknown}
 k - 2 scrolls of poison {unknown}
 m - a scroll of fear {unknown}
 p - a scroll of magic mapping {unknown}
 t - a scroll of immolation {unknown}
Potions
 b - a potion of magic
 f - 3 potions of curing {unknown}
 n - a potion of lignification {unknown}
 o - a potion of might {unknown}
 q - a potion of degeneration {unknown}
 s - a potion of mutation {unknown}


   Skills:
 + Level 3.3 Dodging
 + Level 4.8 Stealth
 * Level 5.2 Spellcasting
 + Level 3.4 Conjurations
 - Level 0.7 Transmutations
 * Level 7.2 Earth Magic


You had 13 spell levels left.
You knew the following spells:

 Your Spells              Type           Power      Damage    Failure   Level
a - Sandblast             Erth           60%        2d14      1%          1
b - Stone Arrow           Conj/Erth      46%        3d9       4%          3

Your spell library contained the following spells:

 Spells                   Type           Power      Damage    Failure   Level
 Passwall                 Tmut/Erth      15%        N/A       3%          2
 Momentum Strike          Conj/Tloc      20%        3d8       10%         2
 Blink                    Tloc           8%         N/A       21%         2
 Lesser Beckoning         Tloc           8%         N/A       21%         2
 Petrify                  Tmut/Erth      19%        N/A       26%         4
 Ignite Poison            Fire/Tmut/Pois 5%         N/A       34%         3
 Ozocubu's Armour         Ice            4%         N/A       36%         3
 Freezing Cloud           Conj/Ice/Air   4%         6-21      92%         5
 Ozocubu's Refrigeration  Ice            2%         4d7       100%        7
 Cigotuvi's Dreadful Rot  Necr/Pois/Air  Unusable   N/A       N/A         2

Dungeon Overview and Level Annotations

Branches:
Dungeon (6/15)             Temple (0/1) D:4         Ossuary (visited)

Altars:
Xom
Yredelemnul

Annotations:
D:4 3 runed translucent doors, mandoloar's ghost, novice OpTm


Innate Abilities, Weirdness & Mutations

You are immune to sickness and miasma.
Your stone body is resilient. (AC +5)
You are immune to poison.
You resist negative energy. (rN+)
You are resistant to electric shocks. (rElec)
You are resistant to unholy torment.
You are immune to petrification.


Message History

The wraith is severely damaged.
The wraith completely misses you.
You barely miss the wraith.
The wraith is severely damaged.
The wraith barely misses you.
You closely miss the wraith.
The wraith is severely damaged.
The wraith hits you! The wraith drains your vigour!
You feel yourself slow down.
You closely miss the wraith.
The wraith is severely damaged.
The wraith hits you. The wraith drains your vigour!
You feel as though you will be slow longer.
The wraith hits you! The wraith drains your vigour!
You feel as though you will be slow longer.
You barely miss the wraith.
The wraith is severely damaged.
The wraith completely misses you.
You hit the wraith but do no damage.
The wraith is severely damaged.
The wraith closely misses you. The wraith completely misses you.
Aiming: Sandblast (safe; 1% risk of failure)
Press: ? - help, Q - select action, (/) - cycle Shift-Dir - straight line, f/p - wraith
Aim: a wraith (severely damaged, 84% to hit)
The blast of sand hits the wraith but does no damage.
The wraith is severely damaged.
The wraith hits you. The wraith drains your vigour!
You feel as though you will be slow longer.
The wraith completely misses you.
You hit the wraith but do no damage.
The wraith is severely damaged.
The wraith misses you.
You completely miss the wraith.
The wraith is severely damaged.
The wraith hits you but does no damage. The wraith hits you!
* * * LOW HITPOINT WARNING * * *
The wraith drains your vigour!
You feel as though you will be slow longer.
Magic courses through your body. The wraith hits you!
You die...

####..........###.######.##
###.......##.###.##.....#
...........#...##..#.#.#.#
##.####....###.###.#.....#####
#. #..#.#.....#...#.#...... #
#..#.#.....###.....#....
#..#.#..........#.......
#..#.#....W...########.#
...#.#...)@....### .#
##..#.######......#
##.#......#.>.#.##
######.#.###.# #.#.# .. #.#.#
## ##### #...# ##... #####
##.##


You could see a wraith.

Vanquished Creatures
  Menkaure (D:5)
  An ice beast (D:5)
  2 ogres (D:4)
  A kobold brigand (D:5)
  3 scorpions (D:5)
  A centaur zombie (Ossuary)
  A hound (D:3)
  4 jellies
  Jessica (D:3)
  An iguana (D:5)
  Natasha (twice) (D:3)
  2 mummies (Ossuary)
  4 gnolls (D:5)
  8 adders
  A shadow imp (D:5)
  5 worms
  A dart slug (D:4)
  3 orcs
  7 endoplasms
  4 giant cockroaches
  3 gnoll zombies (Ossuary)
  2 goblins
  7 hobgoblins
  5 jackals
  3 kobolds
  2 quokkas
  6 ball pythons
  4 bats
  4 frilled lizards
  3 goblin zombies (Ossuary)
  3 hobgoblin zombies (Ossuary)
  4 orc zombies (Ossuary)
  2 quokka zombies (D:6)
101 creatures vanquished.

Vanquished Creatures (others)
  4 fungi (D:4)
4 creatures vanquished.

Grand Total: 105 creatures vanquished

Notes
Turn   | Place    | Note
-------+----------+-------------------------------------------
     0 | D:1      | 123456 the Gargoyle Earth Elementalist began the quest for
                  | the Orb.
     0 | D:1      | Reached XP level 1. HP: 10/10 MP: 3/3
   244 | D:1      | Reached XP level 2. HP: 11/15 MP: 1/5
   738 | D:1      | Reached skill level 4 in Earth Magic
  1331 | D:2      | Reached XP level 3. HP: 16/19 MP: 0/6
  1335 | D:2      | Learned a level 3 spell: Stone Arrow
  1755 | D:2      | Reached XP level 4. HP: 16/24 MP: 3/8
  1971 | D:2      | Found a shimmering altar of Xom.
  2261 | D:3      | Found a basalt altar of Yredelemnul.
  2269 | D:3      | Reached skill level 1 in Conjurations
  2269 | D:3      | Noticed Jessica
  2272 | D:3      | Killed Jessica
  2273 | D:3      | Reached XP level 5. HP: 28/28 MP: 3/9
  2877 | D:3      | Noticed Natasha
  2883 | D:3      | Killed Natasha
  2973 | D:3      | Reached skill level 5 in Earth Magic
  3190 | D:3      | Noticed Natasha
  3192 | D:3      | Killed Natasha
  3572 | D:4      | Reached XP level 6. HP: 32/32 MP: 8/11
  3856 | D:4      | Found a staircase to the Ecumenical Temple.
  3949 | D:4      | Reached XP level 7. HP: 36/36 MP: 8/13
  4089 | D:4      | Found a runed translucent gate.
  4089 | D:4      | Found a runed translucent gate.
  4089 | D:4      | Noticed mandoloar's ghost (novice OpTm)
  4090 | D:4      | Found a runed translucent gate.
  4225 | D:5      | Entered Level 5 of the Dungeon
  4314 | D:5      | Reached skill level 6 in Earth Magic
  4632 | D:5      | Noticed Menkaure
  4634 | D:5      | Killed Menkaure
  4751 | D:5      | Noticed a wraith
  4753 | D:5      | Noticed a two-headed ogre
  4868 | D:6      | Found a sand-covered staircase.
  4876 | Ossuary  | Entered an ossuary
  4886 | Ossuary  | Reached XP level 8. HP: 37/41 MP: 10/15
  5338 | D:5      | Reached skill level 5 in Spellcasting
  5338 | D:5      | Reached skill level 7 in Earth Magic
  5580 | D:5      | Slain by a wraith

Illustrated notes

Levels and vault maps discovered:
D:1:      dpeg_arrival_simpleton_b, layout_loops_corners, minmay_misc_feat_rows,
          minmay_pentomino_x4
D:2:      layout_basic, basic_altar, patterned_corridor
D:3:      layout_loops_ring, old_standard_altar, kennysheep_cross_bottleneck,
          uniq_natasha, uniq_jessica
D:4:      layout_gridville, minmay_temple_entry_hall,
          gammafunk_ghost_nasty_kobolds
D:5:      layout_rooms, serial_co_window_serial, co_window_paths_a,
          co_window_cross_1, co_window_paths_a, co_window_corner_a,
          co_window_of_opportunity_a, co_window_paths_a,
          co_window_of_opportunity_b, co_window_2corner, co_window_2corner,
          co_window_corner_b, co_window_corner_b, co_window_corner_b,
          co_window_broadway_a, glass_columns_b, glass_columns_a,
          glass_columns_a, glass_columns_a, glass_columns_b, minmay_manual_mess,
          uniq_menkaure
D:6:      layout_loops_corners, gammafunk_temple_overflow_statue,
          enter_ossuary_4, ebering_ghost_inner_flame, kennysheep_generic_room_7

Skill      XL: |  1  2  3  4  5  6  7  8 |
---------------+-------------------------+-----
Earth Magic    | 4 5 6 7 |  7.2
Dodging        | 2 3 |  3.3
Spellcasting   | 3 4 5 |  5.2
Conjurations   | 1 2 3 |  3.4
Stealth        | 3 4 |  4.8
Transmutations | |  0.7

Action                     |  1- 3 |  4- 6 |  7- 9 || total
---------------------------+-------+-------+-------++-------
  Melee: Whip              |     1 |       |       ||     1
         Hand axe          |     4 |       |       ||     4
         Dagger            |       |     3 |    32 ||    35
   Cast: Sandblast         |    45 |    52 |    67 ||   164
         Stone Arrow       |       |     6 |    17 ||    23
    Use: Potion            |       |       |     1 ||     1
 Armour: Robe              |     9 |    11 |    29 ||    49
  Dodge: Dodged            |    20 |    28 |    61 ||   109

Table legend: (Time is in decaauts)
 A = Elapsed time spent in this place.
 B = Non-inter-level travel time spent in this place.
 C = Inter-level travel time spent in this place.
 D = Time resting spent in this place.
 E = Time spent auto-exploring this place.
 F = Levels seen in this place.
 G = Mean time per level.
                   A        B        C        D        E       F      G
               +--------+--------+--------+--------+--------+-----+--------+
         Total |   5664 |   5537 |    127 |    386 |   4457 |   7 |  809.1 |
       Dungeon |   5408 |   5281 |    127 |    386 |   4265 |   6 |  901.3 |
       Ossuary |    256 |    256 |      0 |      0 |    192 |   1 |  256.0 |
               +--------+--------+--------+--------+--------+-----+--------+

Top non-repeatable levels by time:
     D:1: 1202 daAuts
     D:3: 1164 daAuts
     D:2: 977 daAuts
     D:5: 969 daAuts
     D:4: 935 daAuts
 Ossuary: 256 daAuts
     D:6: 159 daAuts
